 Dungeon Sprint DCSS version 0.29.1-1-gd02db6906a (webtiles) character file.

Game seed: 9638652735734593933

590 Iusername the Fighter (level 7, -1/45 (73) HPs)
             Began as a Minotaur Fighter on Oct 6, 2022.
             Was an Initiate of Jiyva.
             Slain by Sonja
             ... wielding a +1 dagger of draining
              (3 damage)
             ... in the Dungeon (Sprint I: "Red Sonja").
             The game lasted 00:01:59 (1696 turns).

Iusername the Fighter (Minotaur Fighter)            Turns: 1696, Time: 00:02:00

HP:   -1/45 (73)    AC:  8    Str: 22    XL:     7   Next: 15%
MP:   6/6           EV: 10    Int:  5    God:    Jiyva [......]
Gold: 297           SH:  6    Dex: 10    Spells: 6/6 levels left

rFire   . . .      SeeInvis .   a - +0 long sword
rCold   . . .      Faith    .   c - +0 buckler
rNeg    . . .      Spirit   .   b - +0 scale mail
rPois   .          Reflect  .   (helmet restricted)
rElec   .          Harm     .   (no cloak)
rCorr   .          Rampage  .   (no gloves)
Will    .....      NoTele   +   (no boots)
Stlth   ..........              (no amulet)
HPRegen 0.15/turn               (no ring)
MPRegen 0.10/turn               (no ring)

@: slowed, very heavily drained, very slow
A: horns 2, retaliatory headbutt
a: Renounce Religion


You were in the Dungeon.
You worshipped Jiyva.
Jiyva was noncommittal.
You visited 1 branch You collected 297 gold pieces.

Inventory:

Hand Weapons
 a - a +0 long sword (weapon)
Armour
 b - a +0 scale mail (worn)
 c - a +0 buckler (worn)
Wands
 i - a wand of roots (3)
Potions
 h - 2 potions of magic


   Skills:
 + Level 10.8 Fighting
 + Level 8.9 Long Blades
 + Level 9.9 Armour
 + Level 1.0 Dodging
 + Level 1.2 Stealth
 + Level 9.4 Shields


You had 6 spell levels left.
You didn't know any spells.
Your spell library was empty.

Dungeon Overview and Level Annotations

Branches:
Dungeon (1/1)

Altars:
Cheibriados
Dithmenos
Elyvilon
Fedhas
Gozag
Hepliaklqana
Kikubaaqudgha
Makhleb
Nemelex Xobeh
Okawaru
Qazlal
Ru
Sif Muna
Trog
Uskayaw
Vehumet
Wu Jian
Xom
Yredelemnul
Zin
The Shining One
Jiyva
Lugonu

Shops:
D *

Annotations:
D Sonja


Innate Abilities, Weirdness & Mutations

You have a pair of horns on your head.
You reflexively headbutt those who attack you in melee.


Message History

The deep troll is moderately wounded.
Sonja hits you with a +1 dagger of draining.
You feel drained. You block Sonja's attack. Sonja barely misses you.
The deep troll barely misses you. You furiously retaliate!
You headbutt the deep troll! The deep troll barely misses you.
You block the deep troll's attack. Sonja hits you but does no damage.
You feel drained.
Sonja hits you with a +1 dagger of draining.
You feel drained. Sonja hits you but does no damage.
You feel drained. The deep troll misses you. You furiously retaliate!
You headbutt the deep troll.
The deep troll claws you but does no damage.
The deep troll claws you.
Sonja hits you with a +1 dagger of draining.
You feel drained. Sonja hits you but does no damage.
You feel drained. Sonja hits you but does no damage.
You feel drained.
You closely miss Sonja.
Sonja is moderately wounded.
You block Sonja's attack.
Sonja hits you with a +1 dagger of draining.
You feel drained.
Sonja hits you with a +1 dagger of draining.
You feel drained. The deep troll bites you. The deep troll claws you!
* * * LOW HITPOINT WARNING * * *
The deep troll claws you but does no damage.
Sonja hits you with a +1 dagger of draining.
* * * LOW HITPOINT WARNING * * *
You feel drained.
* * * LOW HITPOINT WARNING * * *
You block Sonja's attack. Sonja hits you but does no damage.
You feel drained.
You barely miss Sonja. Your headbutt misses Sonja.
Sonja is moderately wounded.
Sonja hits you but does no damage.
You feel drained. Sonja hits you but does no damage.
You feel drained. Sonja barely misses you. The deep troll barely misses you.
You furiously retaliate!
You headbutt the deep troll.
The deep troll claws you but does no damage.
The deep troll misses you.
Sonja hits you with a +1 dagger of draining.
You die...

#<.#..').#..J..#__#
#..[..#..[..#..'..+
#..#####'#####'#__#
#..## #..#...#.####.
#..#__####..##.#§§§.
#..#_____##'#§..§~§
#⌠⌠#_.∩...'..._#
####_..__##_K#.#
#_____ ##@# # ######
#T# ... #...# ##.##
#.# ... ...


You could see a deep troll (misshapen) and Sonja (misshapen).

Vanquished Creatures
  A slime creature (D)
  Sigmund (D)
  A yak (D)
  An ogre (D)
  Ijyb (D)
5 creatures vanquished.

Vanquished Creatures (others)
  4 shining eyes (D)
  An unseen horror (D)
  4 floating eyes (D)
  7 necrophages (D)
  9 jellies (D)
  2 ballistomycete spores (D)
27 creatures vanquished.

Grand Total: 32 creatures vanquished

Notes
Turn   | Place    | Note
-------+----------+-------------------------------------------
     0 | D        | Iusername the Minotaur Fighter began the quest for the Orb.
     0 | D        | Reached XP level 1. HP: 19/19 MP: 0/0
     2 | D        | Noticed Ijyb
    13 | D        | Killed Ijyb
    14 | D        | Reached skill level 5 in Fighting
    14 | D        | Reached skill level 5 in Armour
    14 | D        | Reached skill level 5 in Shields
    14 | D        | Reached XP level 2. HP: 24/29 MP: 1/1
   345 | D        | Noticed an ogre
   351 | D        | Killed an ogre
   352 | D        | Reached skill level 7 in Fighting
   352 | D        | Reached XP level 3. HP: 14/39 MP: 2/2
   352 | D        | Reached XP level 4. HP: 17/47 MP: 3/3
   775 | D        | Noticed Sigmund
   787 | D        | Killed Sigmund
   788 | D        | Reached skill level 9 in Fighting
   788 | D        | Reached XP level 5. HP: 37/57 MP: 4/4
  1006 | D        | Found a burning altar of Makhleb.
  1006 | D        | Found a viscous altar of Jiyva.
  1006 | D        | Found a shimmering altar of Xom.
  1006 | D        | Found a corrupted altar of Lugonu.
  1006 | D        | Noticed a slime creature
  1007 | D        | Found an ornate altar of the Wu Jian Council.
  1007 | D        | Found a shimmering blue altar of Sif Muna.
  1017 | D        | HP: 1/57 [slime creature (2)]
  1031 | D        | Killed a slime creature
  1032 | D        | Reached skill level 10 in Fighting
  1032 | D        | Reached XP level 6. HP: 7/67 MP: 5/5
  1397 | D        | Became a worshipper of Jiyva Japs the Shapeless
  1402 | D        | Found a radiant altar of Vehumet.
  1409 | D        | Found Yschasoih's Assorted Antiques.
  1409 | D        | Found an ancient bone altar of Kikubaaqudgha.
  1409 | D        | Found a hazy altar of Hepliaklqana.
  1409 | D        | Found a stormy altar of Qazlal.
  1409 | D        | Found a hide-covered altar of Uskayaw.
  1409 | D        | Found a blossoming altar of Fedhas.
  1409 | D        | Found a bloodstained altar of Trog.
  1409 | D        | Found an iron altar of Okawaru.
  1409 | D        | Found a basalt altar of Yredelemnul.
  1409 | D        | Found a glowing golden altar of the Shining One.
  1409 | D        | Found a snail-covered altar of Cheibriados.
  1409 | D        | Found a sacrificial altar of Ru.
  1409 | D        | Found a glowing silver altar of Zin.
  1409 | D        | Found a shadowy altar of Dithmenos.
  1409 | D        | Found a white marble altar of Elyvilon.
  1409 | D        | Noticed a yak
  1417 | D        | Killed a yak
  1418 | D        | Reached skill level 1 in Dodging
  1418 | D        | Reached skill level 1 in Stealth
  1418 | D        | Reached XP level 7. HP: 57/73 MP: 6/6
  1421 | D        | Found an opulent altar of Gozag.
  1453 | D        | Killed an unseen horror
  1518 | D        | Noticed a shining eye
  1638 | D        | Killed a shining eye
  1659 | D        | Killed a shining eye
  1679 | D        | Killed a shining eye
  1681 | D        | Killed a shining eye
  1684 | D        | Found a sparkling altar of Nemelex Xobeh.
  1686 | D        | Noticed a deep troll
  1686 | D        | Noticed Sonja
  1688 | D        | Noticed a shining eye
  1695 | D        | HP: 2/48 [Sonja/+1 dagger of draining (2)]
  1696 | D        | Slain by Sonja

Illustrated notes

Levels and vault maps discovered:
D:        dungeon_sprint_1 [red_sonja_temple_1, red_sonja_temple_small_1]

Skill      XL: |  1  2  3  4  5  6 |
---------------+-------------------+-----
Fighting       | 5 7 9 10 | 10.8
Long Blades    | 3 4 6 8 |  8.9
Armour         | 5 6 8 9 |  9.9
Shields        | 5 6 8 9 |  9.4
Dodging        | 1 |  1.0
Stealth        | 1 |  1.2

Action                   |  1- 3 |  4- 6 |  7- 9 || total
-------------------------+-------+-------+-------++-------
Melee: Long sword        |    15 |    28 |     7 ||    50
       Headbutt          |       |     4 |       ||     4
  Use: Potion            |     2 |     3 |       ||     5
       Scroll            |       |     1 |       ||     1
Armor: Scale mail        |     2 |     7 |    16 ||    25
Dodge: Dodged            |     3 |     7 |    16 ||    26
Block: Buckler           |       |     3 |     9 ||    12
